 Dungeon Crawl Stone Soup version 0.28-a0-595-g9f6c0e134a (webtiles) character file.

Game seed: 9054471265313658764

12422 robertstho the Thaumaturge (level 12, -16/85 HPs)
             Began as a Djinni Fire Elementalist on Oct 4, 2021.
             Was an Initiate of Gozag.
             Killed from afar by Azrael (41 damage)
             ... with damnation
             ... on level 2 of the Orcish Mines.
             The game lasted 00:24:21 (15231 turns).

robertstho the Thaumaturge (DjFE)                  Turns: 15231, Time: 00:24:22

Health: -16/85     AC: 10    Str:  7    XL:     12   Next: 20%
Gold:   1086       EV: 13    Int: 29    God:    Gozag SH:  0 Dex: 13

rFire   + + .      SeeInvis .   k - +0 dagger (elec)
rCold   x . .      Faith    .   (no shield)
rNeg    . . .      Spirit   .   p - +0 steam dragon scales
rPois   ∞          Reflect  .   A - +1 hat {Stlth+}
rElec   .          Harm     .   (no cloak)
rCorr   .          Rampage  .   (no gloves)
Will    +....                   (boots unavailable)
Stlth   ++........              (no amulet)
HPRegen 0.24/turn               o - +4 ring of protection
MPRegen 0.00/turn               t - +6 ring of intelligence

@: on fire, gold aura, flying, glowing
A: sickness immunity, fire resistance 2, cold vulnerability 1, float, innate
caster, hp casting, extra vitality 1
a: Renounce Religion, Potion Petition, Call Merchant, Bribe Branch


You were on level 2 of the Orcish Mines.
You worshipped Gozag.
Gozag was most pleased with you.
You visited 3 branches of the dungeon, and saw 12 of its levels.

You collected 1846 gold pieces.
You spent 39 gold pieces at shops.
You paid 721 gold pieces to Gozag.

Inventory:

Hand Weapons
 k - a +0 dagger of electrocution (weapon)
Missiles
 q - 174 stones
Armour
 b - a +1 helmet
 p - +0 steam dragon scales (worn)
 A - a +1 hat of stealth (worn)
Jewellery
 a - a +6 ring of intelligence
 o - a +4 ring of protection (left hand)
 t - a +6 ring of intelligence (right hand)
 y - a ring of protection from fire
Wands
 g - a wand of flame (28)
 m - a wand of iceblast (6)
 u - a wand of digging (4)
Scrolls
 c - 2 scrolls of teleportation
 d - 3 scrolls of immolation
 f - 4 scrolls of enchant armour
 i - a scroll of fear
 j - a scroll of magic mapping
 s - a scroll of torment
 v - 2 scrolls of fog {unknown}
 x - a scroll of enchant weapon {unknown}
 z - a scroll of amnesia {unknown}
Potions
 e - 2 potions of haste {unknown}
 h - 4 potions of curing {unknown}
 l - 3 potions of lignification {unknown}
 n - 2 potions of might {unknown}


   Skills:
 * Level 7.0 Fighting
 + Level 0.8 Short Blades
 + Level 4.2 Dodging
 + Level 3.8 Stealth
 * Level 12.9 Spellcasting
 + Level 1.0 Evocations


You had 9 spell levels left.
You knew the following spells:

 Your Spells              Type           Power      Damage    Failure   Level
a - Foxfire               Conj/Fire      100%       2x1d9     0%          1
b - Scorch                Fire           100%       2d10      1%          2
c - Conjure Flame         Conj/Fire      76%        6-21      1%          3
d - Inner Flame           Hex/Fire       76%        N/A       1%          3
e - Flame Wave            Conj/Fire      76%        3d13      1%          4
f - Sandblast             Erth           100%       2d20      0%          1
g - Corpse Rot            Necr/Air       N/A        N/A       1%          2
h - Vampiric Draining     Necr           38%        2d11      1%          3
i - Animate Dead          Necr           38%        N/A       1%          4
j - Hailstorm             Conj/Ice       76%        3d16      1%          4
Your spell library was empty.

Dungeon Overview and Level Annotations

Branches:
Dungeon (9/15)             Temple (1/1) D:6             Orc (2/2) D:9
   Lair: D:8-11         Elf: Orc:2

Altars:
Cheibriados
Elyvilon
Fedhas
Gozag
Hepliaklqana
Kikubaaqudgha
Makhleb
Nemelex Xobeh
Okawaru
Qazlal
Ru
Sif Muna
Trog
Uskayaw
Vehumet
Wu Jian
Xom
Yredelemnul
Zin
The Shining One

Shops:
D:4 (   D:6 [   D:8 *

Annotations:
Orc:2 Azrael


Innate Abilities, Weirdness & Mutations

You are immune to sickness and miasma.
You are immune to poison.
Your flesh is very heat resistant. (rF++)
You are vulnerable to cold. (rC-)
You float through the air rather than walking.
You learn spells naturally, not from books.
Your magical power is your life essence.
You have superior vitality. (+4 HP)


Message History

The orc sorcerer casts a spell at you. The bolt of negative energy hits you!
You feel drained.
Casting: Sandblast (safe; 0% risk of failure)
Confirm with . or Enter, or press ? or * to list all spells.
Flames lash the orc sorcerer but do no damage.
Casting: Scorch (safe; 1% risk of failure)
Confirm with . or Enter, or press ? or * to list all spells.
Flames lash the orc sorcerer.
The orc sorcerer is lightly wounded.
The orc sorcerer's fire resistance burns away.
The orc sorcerer gestures at you while chanting.
The bolt of fire hits you! You resist.
Casting: Scorch (safe; 1% risk of failure)
Confirm with . or Enter, or press ? or * to list all spells.
Casting: Flame Wave (safe; 1% risk of failure)
Press: ? - help, Dir - look around, f - activate A wave of flame ripples out!
The flame wave engulfs the orc sorcerer!
The orc sorcerer is burned terribly!
The orc sorcerer is heavily wounded. (Press . to intensify the flame waves.)
You hear a shout!
Azrael is momentarily hidden by a cloud of flames.
The orc sorcerer hits you but does no damage.
A wave of flame ripples out!
The flame wave engulfs the orc sorcerer!!!
The orc sorcerer is burned terribly!
You kill the orc sorcerer!
You hear a shout!
Your life force feels restored.
Your Fighting skill increases to level 7!
Azrael gestures at you. The sticky flame hits you. You resist.
You are covered in liquid flames!
You are covered in liquid flames!
* * * LOW HITPOINT WARNING * * *
Azrael gestures at you.
The sphere of damnation explodes!
The damnation engulfs you!!!
You die...
Your body crumbles into a pile of gold.

####...#...$
##.......... ## .
##..........##.##..°..
##.....................
#...............#.○.○..
$
................#..°..#
..................○..#
......$...$R°$...☼..#
...^...@..##☼.☼$$..##.#
......##.###...<$......
..... ###.......#.#...
.... ##.$...### # ... .
#...$.... ..
..#.......# #
.........## .........#
.......<#


You could see Azrael.

Vanquished Creatures
  Gastronok (D:9)
  A hydra (D:9)
  A two-headed ogre (D:8)
  A wizard (D:9)
  An orc knight (Orc:1)
  The ghost of SirDiesAlot the Carver, a novice MiDe of Gozag (D:6)
  An orc sorcerer (Orc:2)
  A salamander (shapeshifter) (D:9)
  Maggie (D:6)
  A tengu conjurer (D:9)
  3 trolls (D:9)
  A hornet (D:6)
  A wraith (D:7)
  3 fire elementals
  3 steam dragons
  2 hell hounds (Orc:1)
  5 water moccasins
  An ice beast (D:7)
  11 orc warriors
  2 sky beasts
  3 centaurs
  4 ogres
  A phantom (D:5)
  3 kobold brigands
  2 bullfrogs
  3 scorpions
  A wyvern skeleton (D:6)
  3 water moccasin zombies
  A jelly (D:6)
  9 wights
  6 killer bees (D:9)
  A howler monkey (D:7)
  3 centaur zombies
  2 bullfrog skeletons
  3 crimson imps (D:5)
  6 hounds
  A gnoll shaman (D:5)
  7 orc priests
  3 centaur skeletons
  An iguana (D:6)
  Jessica (D:2)
  17 orc wizards
  Natasha (thrice) (D:4)
  2 howler monkey zombies
  7 adders
  3 gnolls (D:5)
  2 howler monkey skeletons
  A shadow imp (D:7)
  7 white imps
  An ufetubus (D:6)
  An adder skeleton (D:5)
  3 worms
  4 dart slugs
  48 orcs
  8 ball pythons
  6 bats
  4 endoplasms
  5 giant cockroaches
  8 goblins
  11 hobgoblins
  3 jackals (D:1)
  3 quokkas
  5 frilled lizards
  13 kobolds
  6 rats
277 creatures vanquished.

Vanquished Creatures (collateral kills)
  A foxfire (D:5)
1 creature vanquished.

Vanquished Creatures (others)
  716 foxfires
  24 plants
740 creatures vanquished.

Grand Total: 1018 creatures vanquished

Notes
Turn   | Place    | Note
-------+----------+-------------------------------------------
     0 | D:1      | robertstho the Djinni Fire Elementalist began the quest for
                  | the Orb.
     0 | D:1      | Reached XP level 1. HP: 15/15 MP: 0/0
   359 | D:1      | Reached XP level 2. HP: 18/21 MP: 0/0
   664 | D:1      | Reached XP level 3. HP: 22/26 MP: 0/0
   664 | D:1      | Learned a level 1 spell: Sandblast
   715 | D:1      | Reached skill level 3 in Spellcasting
  1399 | D:2      | Noticed Jessica
  1402 | D:2      | Killed Jessica
  1403 | D:2      | Reached skill level 1 in Fighting
  1403 | D:2      | Reached XP level 4. HP: 21/32 MP: 0/0
  1859 | D:2      | Reached XP level 5. HP: 33/37 MP: 0/0
  1859 | D:2      | Learned a level 2 spell: Corpse Rot
  2342 | D:2      | Found a faded altar of an unknown god.
  2426 | D:2      | Reached skill level 4 in Spellcasting
  3701 | D:4      | Found a hide-covered altar of Uskayaw.
  3761 | D:4      | Noticed Natasha
  3767 | D:4      | Killed Natasha
  4036 | D:4      | Reached XP level 6. HP: 37/42 MP: 0/0
  4384 | D:4      | Found Unerygaq's Antique Weapon Boutique.
  4579 | D:4      | Noticed Natasha
  4591 | D:4      | Killed Natasha
  4768 | D:4      | Noticed Natasha
  4774 | D:4      | Killed Natasha
  4845 | D:4      | Found a basalt altar of Yredelemnul.
  5575 | D:5      | Entered Level 5 of the Dungeon
  5608 | D:5      | Reached skill level 5 in Spellcasting
  5608 | D:5      | Reached XP level 7. HP: 41/49 MP: 0/0
  5608 | D:5      | Learned a level 3 spell: Vampiric Draining
  6421 | D:5      | Found a shimmering altar of Xom.
  6538 | D:5      | Reached XP level 8. HP: 49/55 MP: 0/0
  6833 | D:5      | Reached skill level 6 in Spellcasting
  7166 | D:6      | Found Voje Hue's Antique Armour Shoppe.
  7412 | D:6      | Reached skill level 7 in Spellcasting
  7474 | D:6      | Noticed Maggie
  7483 | D:6      | Killed Maggie
  7484 | D:6      | Reached XP level 9. HP: 38/61 MP: 0/0
  7484 | D:6      | Learned a level 4 spell: Animate Dead
  7609 | D:6      | Found a glowing silver altar of Zin.
  7615 | D:6      | Found a runed translucent gate.
  7615 | D:6      | Found a runed translucent gate.
  7615 | D:6      | Found a runed translucent gate.
  7649 | D:6      | Found a staircase to the Ecumenical Temple.
  7664 | D:6      | Noticed a hornet
  7670 | D:6      | Killed a hornet
  7677 | Temple   | Entered the Ecumenical Temple
  7943 | D:6      | Reached skill level 8 in Spellcasting
  8262 | D:6      | Found an opulent altar of Gozag.
  8265 | D:6      | Noticed SirDiesAlot's ghost (novice MiDe)
  8285 | D:6      | Killed SirDiesAlot's ghost
  8585 | D:6      | Became a worshipper of Gozag Ym Sagoz the Greedy
  8760 | D:7      | Reached skill level 9 in Spellcasting
  8898 | D:7      | Reached XP level 10. HP: 61/69 MP: 0/0
  9005 | D:7      | Found an opulent altar of Gozag.
 10054 | D:7      | Reached skill level 10 in Spellcasting
 10222 | D:7      | Reached skill level 5 in Fighting
 10915 | D:8      | Found an ornate altar of the Wu Jian Council.
 11208 | D:8      | Noticed a two-headed ogre
 11215 | D:8      | Killed a two-headed ogre
 11359 | D:8      | Reached skill level 11 in Spellcasting
 11359 | D:8      | Reached XP level 11. HP: 64/76 MP: 0/0
 11359 | D:8      | Learned a level 4 spell: Hailstorm
 11558 | D:8      | Found a stormy altar of Qazlal.
 11728 | D:9      | Noticed a death knight
 12217 | D:9      | Noticed a four-headed hydra
 12223 | D:9      | Killed a four-headed hydra
 12525 | D:9      | Noticed Gastronok
 12536 | D:9      | Killed Gastronok
 12537 | D:9      | Found the +2 robe of Vines {NoPotionHeal Regen+++}
 12552 | D:9      | Reached skill level 12 in Spellcasting
 13336 | D:9      | Noticed a wizard
 13338 | D:9      | Noticed a salamander
 13338 | D:9      | a spriggan changed into a salamander
 13344 | D:9      | Killed a wizard
 13347 | D:9      | Killed a salamander
 13480 | D:9      | Noticed a boulder beetle
 13844 | D:8      | Bought a scroll of teleportation for 39 gold pieces
 14134 | D:9      | Found an iron altar of Okawaru.
 14205 | D:9      | Found a staircase to the Orcish Mines.
 14218 | Orc:1    | Entered Level 1 of the Orcish Mines
 14246 | Orc:1    | Noticed an orc knight
 14256 | Orc:1    | Killed an orc knight
 14257 | Orc:1    | Reached XP level 12. HP: 37/84 MP: 0/0
 14879 | Orc:2    | Entered Level 2 of the Orcish Mines
 14886 | Orc:2    | Noticed Azrael
 15223 | Orc:2    | Reached skill level 1 in Evocations
 15231 | Orc:2    | Killed from afar by Azrael

Illustrated notes

Levels and vault maps discovered:
D:1:      wander_arrival_lonely_grave, layout_rooms
D:2:      layout_loops_ring, shapermc_ecumenical_altar_mp_vishouse,
          serial_forest, infiniplex_forest_clump_long,
          infiniplex_forest_lined_corner, infiniplex_forest_clump_diagonal,
          infiniplex_forest_end_double, infiniplex_forest_straight_2,
          infiniplex_forest_lined_3, infiniplex_forest_lined_2, uniq_jessica
D:3:      layout_loops_ring
D:4:      layout_layer_cave, chequers_temple_overflow_statue_of_worship,
          nicolae_uskayaw_suspiria, serial_shops, shop, roderic_serpentine_path,
          uniq_natasha
D:5:      layout_basic, led_xom_imps, serial_bayou, serial_bayou_shore_b,
          serial_bayou_pond_c, serial_bayou_shore_a, serial_bayou_shore_b
D:6:      layout_gridville, mainiacjoe_overflow_catwalk,
          minmay_temple_entry_glass, serial_shops, nicolae_square_shop,
          ebering_ghost_gozag, uniq_maggie
D:7:      kennysheep_windowed_halls, layout_basic, lemuel_tele_altar,
          mainiacjoe_overflow_24_doors
D:8:      layout_basic, nicolae_qazlal_style_of_elements,
          nzn_wu_jian_council_hall
D:9:      minmay_diamond_stairs, layout_basic, kennysheep_little_box,
          david_orc_4, hellmonk_guarded_unrand_vines, uniq_gastronok
Temple:   nicolae_temple_figure_zero
Orc:1:    layout_caves
Orc:2:    grunt_orc_cross, layout_diamond_mine, gauntlet_entry_generic,
          uniq_maurice, uniq_azrael

Skill      XL: |  1  2  3  4  5  6  7  8  9 10 11 12 |
---------------+-------------------------------------+-----
Spellcasting   | 3 4 5 7 9 11 12 | 12.9
Fighting       | 1 2 3 4 5 6 7 |  7.0
Stealth        | 2 3 |  3.8
Dodging        | 3 4 |  4.2
Evocations     | 1 |  1.0
Short Blades   | |  0.8

Action                   |  1- 3 |  4- 6 |  7- 9 | 10-12 || total
-------------------------+-------+-------+-------+-------++-------
Melee: Dagger            |       |    12 |     5 |     9 ||    26
 Cast: Foxfire           |    71 |   122 |    87 |   137 ||   417
       Scorch            |       |    27 |    38 |    77 ||   142
       Flame Wave        |       |     1 |     8 |    31 ||    40
       Sandblast         |       |       |     9 |    23 ||    32
       Hailstorm         |       |       |       |     3 ||     3
Invok: Call Merchant     |       |       |       |     1 ||     1
Evoke: Wand              |       |       |       |     6 ||     6
  Use: Scroll            |       |     3 |     2 |     7 ||    12
Armor: Robe              |     3 |     8 |     6 |       ||    17
       Steam dragon scal |       |       |     7 |    52 ||    59
Dodge: Dodged            |     2 |    29 |    27 |    66 ||   124

Table legend: (Time is in decaauts)
 A = Elapsed time spent in this place.
 B = Non-inter-level travel time spent in this place.
 C = Inter-level travel time spent in this place.
 D = Time resting spent in this place.
 E = Time spent auto-exploring this place.
 F = Levels seen in this place.
 G = Mean time per level.
                   A        B        C        D        E       F      G
               +--------+--------+--------+--------+--------+-----+--------+
         Total |  15232 |  14868 |    364 |    268 |  12710 |  12 | 1269.3 |
       Dungeon |  14061 |  13743 |    318 |    268 |  11715 |   9 | 1562.3 |
        Temple |    157 |    147 |     10 |      0 |    146 |   1 |  157.0 |
  Orcish Mines |   1013 |    977 |     36 |      0 |    849 |   2 |  506.5 |
               +--------+--------+--------+--------+--------+-----+--------+

Top non-repeatable levels by time:
     D:9: 2447 daAuts
     D:4: 2009 daAuts
     D:7: 1806 daAuts
     D:6: 1529 daAuts
     D:1: 1399 daAuts
     D:5: 1349 daAuts
     D:8: 1263 daAuts
     D:2: 1222 daAuts
     D:3: 1035 daAuts
   Orc:1: 984 daAuts
  Temple: 157 daAuts
   Orc:2: 29 daAuts
